 Dungeon Crawl Stone Soup version 0.17.1-3-g152610e (webtiles) character file.

58 HandofTrog the Sneak (level 3, 11/16 HPs)
             Began as a Spriggan Enchanter on Dec 9, 2015.
             Got out of the dungeon alive.
             The game lasted 00:09:52 (1448 turns).

HandofTrog the Sneak (Spriggan Enchanter)           Turns: 1448, Time: 00:09:52

Health: 11/16      AC:  3    Str:  4    XL:     3   Next: 75%
Magic:  7/8        EV: 18    Int: 16    God:
Gold:   60         SH:  0    Dex: 17    Spells: 2 memorised, 5 levels left

rFire  . . .     SeeInvis +     a - +1 dagger
rCold  . . .     Clarity  .     b - +1 robe
rNeg   . . .     SustAt   .     (shield restricted)
rPois  .         Gourm    .     (helmet restricted)
rElec  .         Spirit   .     (no cloak)
rCorr  .         Warding  .     (gloves unavailable)
rMut   .         Stasis   .     (boots unavailable)
MR     .....                    (no amulet)
Stlth  +++.......               (no ring)
                                (no ring)

@: very quick, not resistant to hostile enchantments, fairly stealthy
A: unfitting armour, see invisible, herbivore 3, speed 3, slow metabolism 2
a: no special abilities


You escaped.
You were not hungry.

You visited 1 branch of the dungeon, and saw 2 of its levels.

You collected 60 gold pieces.

Inventory:

Hand Weapons
 a - a +1 dagger (weapon)
Missiles
 h - 6 tomahawks (quivered)
Armour
 b - a +1 robe (worn)
Jewellery
 i - an uncursed ring of see invisible
Scrolls
 f - 4 scrolls of identify {unknown}
 g - a scroll of amnesia {unknown}
 j - a scroll of remove curse {unknown}
 k - a scroll of enchant armour {unknown}
Potions
 e - a potion of flight {unknown}
Books
 c - a book of Maledictions

   Spells                             Type                      Level
   a - Corona                         Hexes                        1
   b - Ensorcelled Hibernation        Hexes/Ice                    2
   c - Confuse                        Hexes                        3
   d - Tukima's Dance                 Hexes                        3
   e - Dazzling Spray                 Conjuration/Hexes            3
Comestibles
 d - 2 bread rations


   Skills:
 * Level 2.9 Short Blades
 - Level 3.0 Dodging
 + Level 4.9 Stealth
 + Level 3.4 Spellcasting
 + Level 3.9 Hexes


You had 5 spell levels left.
You knew the following spells:

 Your Spells              Type           Power        Failure   Level  Hunger
a - Corona                Hex            ###....      4%          1    None
b - Ensorcelled Hibernat  Hex/Ice        #.....       14%         2    ##.....


Dungeon Overview and Level Annotations

Branches:
Dungeon (2/15)

Altars:


Innate Abilities, Weirdness & Mutations

You are tiny and cannot use many weapons and most armour.
You have supernaturally acute eyesight.
You are a herbivore.
You cover ground extremely quickly.
You need consume almost no food.


Message History

No target in view!
You see here a leather armour.
Welcome back, HandofTrog the Spriggan Enchanter.
Press ? for a list of commands and other information.
Welcome back, HandofTrog the Spriggan Enchanter.
Press ? for a list of commands and other information.
Unknown command.
Save game and exit?
Welcome back, HandofTrog the Spriggan Enchanter.
Press ? for a list of commands and other information.
(D) Dungeon
Where to? (? - help)
What level of the Dungeon? (default 1, ? - help)
There is a stone staircase leading up here.
You climb upwards.
There is a stone staircase leading down here.
There is a staircase leading out of the dungeon here.
You can't go down here!
Are you sure you want to leave the Dungeon?
This will make you lose the game!
You have escaped!

.........# #........#
#.#....######.###.########
#.####.##.....#..........#
#.# #.##.#..##..##..###.#
..####....#..##..##......#
##......#####..##..##.####
#......#..##..##..##...#
#......#....##..##..##.#
##......#....##.@##.....#
...........##..##..##.###
#.......##.##..##..##.#
#........#...##..##...#
#............##..##...#
##........#..##..####.#
##....................#
##........#############
##......###


There were no monsters in sight!

Vanquished Creatures
  Ijyb (D:2)
  2 worms (D:2)
  A ball python (D:2)
  A giant cockroach (D:1)
  A goblin (D:2)
  3 jackals (D:2)
  5 bats
  2 giant newts
  5 kobolds
  7 rats
28 creatures vanquished.

Notes
Turn   | Place    | Note
--------------------------------------------------------------
     0 | D:1      | HandofTrog the Spriggan Enchanter began the quest for the Orb.
     0 | D:1      | Reached XP level 1. HP: 9/9 MP: 5/5
   634 | D:2      | Reached XP level 2. HP: 13/13 MP: 7/7
   670 | D:2      | Learned a level 2 spell: Ensorcelled Hibernation
   921 | D:2      | Noticed Ijyb
  1152 | D:2      | Reached XP level 3. HP: 11/16 MP: 4/8
  1396 | D:2      | Killed Ijyb
  1398 | D:2      | Upgraded the game from 0.17.0-73-gb648821 to 0.17.1-1-g73c8601
  1398 | D:2      | Upgraded the game from 0.17.1-1-g73c8601 to 0.17.1-3-g152610e
  1448 | D:$      | Got out of the dungeon alive.

Action                   || total
-------------------------++-------
Melee: Dagger            ||    99
Throw: Tomahawk          ||     1
 Cast: Corona            ||     5
       Ensorcelled Hiber ||    14
 Stab: Sleeping          ||    18
